[Event "Caplin Hastings Masters 2023-24"]
[Site "Hastings"]
[Date "2023.12.29"]
[Round "2.21"]
[White "Lishoy Gengis Paratazham, Dildarav"]
[Black "Grutter, Tim"]
[Result "0-1"]
[ECO "A08"]
[WhiteElo "1743"]
[BlackElo "2342"]
[Annotator "ChessBase"]
[PlyCount "34"]
[EventDate "2023.12.18"]
[EventType "swiss"]
[EventCountry "ENG"]
[SourceTitle "playchess.com"]
[Source "ChessBase"]
[SourceQuality "1"]
[TimeControl "40/6000+30:3000+30"]

1. e4 c5 2. d3 Nc6 3. g3 Nf6 4. Bg2 d5 5. Nd2 Bg4 6. Ngf3 e6 7. h3 Bh5 8. O-O Be7 9. c3 O-O 10. g4 Bg6 11. Nh4 dxe4 12. Nxg6 hxg6 13. Nxe4 Nd5 14. g5 Qd7 15. Qe2 Rad8 16. Rd1 e5 17. Qf3 Qc7 0-1

[Event "Caplin Hastings Masters 2023-24"]
[Site "Hastings"]
[Date "2023.12.29"]
[Round "2.22"]
[White "Ghasi, Ameet K"]
[Black "Moracchini, Margaux"]
[Result "1-0"]
[ECO "A05"]
[WhiteElo "2509"]
[BlackElo "1922"]
[Annotator "ChessBase"]
[PlyCount "59"]
[EventDate "2023.12.18"]
[EventType "swiss"]
[EventCountry "ENG"]
[SourceTitle "playchess.com"]
[Source "ChessBase"]
[SourceQuality "1"]
[TimeControl "40/6000+30:3000+30"]

1. Nf3 Nf6 2. g3 g6 3. Bg2 Bg7 4. O-O O-O 5. d3 d6 6. e4 c5 7. Re1 Nc6 8. c3 e5 9. a4 d5 10. exd5 Nxd5 11. Na3 Re8 12. Nc4 b6 13. Qb3 Bb7 14. Ng5 Re7 15. Ne4 Rd7 16. Ned6 Rxd6 17. Nxd6 Na5 18. Nxb7 Nxb3 19. Nxd8 Rxd8 20. Ra3 Nxc1 21. Rxc1 Nc7 22. Rd1 c4 23. Bf1 Ne6 24. Raa1 cxd3 25. Rxd3 Rc8 26. Rd7 a5 27. Rd6 Bf8 28. Rxb6 Bc5 29. Rb5 Rd8 30. Bc4 1-0

[Event "Caplin Hastings Masters 2023-24"]
[Site "Hastings"]
[Date "2023.12.29"]
[Round "2.23"]
[White "Boyer, Mahel"]
[Black "Banerjee, Supratit"]
[Result "1-0"]
[ECO "A14"]
[WhiteElo "2427"]
[BlackElo "1974"]
[Annotator "ChessBase"]
[PlyCount "189"]
[EventDate "2023.12.18"]
[EventType "swiss"]
[EventCountry "ENG"]
[SourceTitle "playchess.com"]
[Source "ChessBase"]
[SourceQuality "1"]
[TimeControl "40/6000+30:3000+30"]

1. Nf3 d5 2. g3 Nf6 3. Bg2 e6 4. O-O Be7 5. c4 O-O 6. b3 b6 7. Bb2 Bb7 8. e3 Nbd7 9. Nc3 Nc5 10. cxd5 Nd3 11. Qb1 Nxb2 12. Qxb2 Nxd5 13. Ne5 Bf6 14. Ne4 Be7 15. d4 f6 16. Nd3 Kh8 17. Rfd1 a5 18. Rac1 Rc8 19. a3 Qd7 20. Nd2 Ba6 21. Nc4 b5 22. Nxa5 b4 23. Nxb4 Nxb4 24. axb4 Bxb4 25. Nc6 Bd6 26. e4 Qf7 27. e5 Be7 28. Na7 Rce8 29. Qa2 Bc8 30. Rxc7 fxe5 31. dxe5 Qh5 32. Rdc1 Qxe5 33. Rxc8 Rxc8 34. Rxc8 Rxc8 35. Nxc8 Bc5 36. Na7 Qb8 37. Nc6 Qf8 38. Ne5 Bd4 39. Nd7 Qc8 40. Qa8 Qxa8 41. Bxa8 Kg8 42. b4 Kf7 43. Nc5 Ke7 44. Nd3 Kd7 45. Kg2 Kc7 46. b5 Kb8 47. Be4 Kc7 48. Bxh7 Kb6 49. Bg8 Kxb5 50. Bxe6 Kc6 51. f4 Kd6 52. Bc4 Ke7 53. Kf3 Kf8 54. Ke4 Bg1 55. h4 Bh2 56. Kf3 Bg1 57. Nf2 g6 58. Kg2 Bxf2 59. Kxf2 Kg7 60. Kf3 Kh6 61. Kg4 Kg7 62. Kg5 Kh8 63. Kh6 g5 64. g4 gxh4 65. g5 h3 66. g6 h2 67. Bd5 h1=Q+ 68. Bxh1 Kg8 69. g7 Kf7 70. Kh7 Kf6 71. Be4 Ke7 72. Kg6 Kd6 73. g8=N Kc5 74. Nf6 Kd4 75. Kf5 Ke3 76. Ke5 Kf2 77. Nh5 Ke3 78. f5 Kd2 79. Kd4 Ke2 80. Bd5 Kf2 81. Kd3 Kg1 82. f6 Kh2 83. Be6 Kg2 84. Ke2 Kg1 85. Bg4 Kg2 86. f7 Kg1 87. Nf4 Kh2 88. Kf2 Kh1 89. Bh3 Kh2 90. f8=R Kh1 91. Rh8 Kh2 92. Nd5 Kh1 93. Ne3 Kh2 94. Nf1+ Kh1 95. Bg2# 1-0

[Event "Caplin Hastings Masters 2023-24"]
[Site "Hastings"]
[Date "2023.12.29"]
[Round "2.24"]
[White "Fischer, Daniel"]
[Black "Keely, Leo A"]
[Result "1-0"]
[ECO "C42"]
[WhiteElo "2341"]
[BlackElo "1908"]
[Annotator "ChessBase"]
[PlyCount "89"]
[EventDate "2023.12.18"]
[EventType "swiss"]
[EventCountry "ENG"]
[SourceTitle "playchess.com"]
[Source "ChessBase"]
[SourceQuality "1"]
[TimeControl "40/6000+30:3000+30"]

1. e4 e5 2. Nf3 Nf6 3. Nxe5 d6 4. Nf3 Nxe4 5. Nc3 Nxc3 6. dxc3 Be7 7. Be3 Nc6 8. Qd2 Be6 9. O-O-O Qd7 10. Kb1 a6 11. Be2 O-O-O 12. Rhe1 Bf6 13. Nd4 Nxd4 14. Bxd4 Bxd4 15. Qxd4 c5 16. Qxg7 Qa4 17. b3 Qa5 18. Qf6 Rhg8 19. g3 b5 20. Kb2 Qb6 21. Bf3 b4 22. c4 Kc7 23. Bd5 Rg6 24. Qf4 Rd7 25. Rd3 Qb8 26. Bf3 Qh8+ 27. Kb1 Qf6 28. Qe4 Kd8 29. Qc6 Ke7 30. Red1 Bf5 31. Be4 Bxe4 32. Qxe4+ Kf8 33. Qc6 Rd8 34. f4 Qe7 35. f5 Rh6 36. h4 Qe5 37. Qf3 Qf6 38. Rd5 a5 39. Qd3 Ke8 40. Qe3+ Kf8 41. Qf4 Ke8 42. Qd2 Rh5 43. Qe2+ Kf8 44. Qxh5 a4 45. Qg5 1-0

[Event "Caplin Hastings Masters 2023-24"]
[Site "Hastings"]
[Date "2023.12.29"]
[Round "2.25"]
[White "Howell, Oliver W"]
[Black "Sarkar, Justin"]
[Result "1/2-1/2"]
[ECO "D03"]
[WhiteElo "1782"]
[BlackElo "2272"]
[Annotator "ChessBase"]
[PlyCount "48"]
[EventDate "2023.12.18"]
[EventType "swiss"]
[EventCountry "ENG"]
[SourceTitle "playchess.com"]
[Source "ChessBase"]
[SourceQuality "1"]
[TimeControl "40/6000+30:3000+30"]

1. Nf3 d5 2. d4 Nf6 3. Bg5 Nbd7 4. e3 e6 5. Bd3 Be7 6. Nbd2 h6 7. Bh4 c5 8. c3 b6 9. O-O Bb7 10. Ne5 Nxe5 11. dxe5 Nd7 12. Bxe7 Qxe7 13. f4 O-O 14. Qh5 Qe8 15. e4 dxe4 16. Nxe4 Bxe4 17. Bxe4 f5 18. Qxe8 Raxe8 19. Bc6 Rd8 20. Rad1 Nb8 21. Bb5 Kf7 22. a4 Ke7 23. Kf2 Rxd1 24. Rxd1 Rd8 1/2-1/2

[Event "Caplin Hastings Masters 2023-24"]
[Site "Hastings"]
[Date "2023.12.29"]
[Round "2.26"]
[White "Byron, Alan M"]
[Black "Ortiz Sanchez, Luis"]
[Result "1/2-1/2"]
[ECO "B31"]
[WhiteElo "2134"]
[BlackElo "1863"]
[Annotator "NA"]
[PlyCount "81"]
[EventDate "2023.12.18"]
[EventType "swiss"]
[EventCountry "ENG"]
[SourceTitle "playchess.com"]
[Source "ChessBase"]
[SourceQuality "1"]
[TimeControl "40/6000+30:3000+30"]

1. e4 c5 2. Nf3 Nc6 3. Bb5 g6 4. Bxc6 dxc6 5. d3 Bg7 6. h3 Nf6 7. O-O Nd7 8. Nc3 e5 9. Be3 b6 10. Qd2 h6 11. Nh2 Nf8 12. f4 exf4 13. Bxf4 Ne6 14. Be3 Nd4 15. Rf2 Be6 16. Nd1 Qd7 17. c3 Nb5 18. a4 Nc7 19. Nf3 Rd8 20. d4 cxd4 21. Bxd4 O-O 22. a5 c5 23. Bxg7 Qxd2 24. Nxd2 Kxg7 25. axb6 axb6 26. Ra7 Rd7 27. Ne3 b5 28. Nf3 f6 29. Rd2 Rff7 30. Rb7 Rfe7 31. Rb6 Kf7 32. Rc6 Rxd2 33. Nxd2 c4 34. Rc5 Ke8 35. Nc2 Kd8 36. Nd4 Bd7 37. Kf2 Kc8 38. Nc6 Bxc6 39. Rxc6 Re6 40. Rxe6 Nxe6 41. b3 1/2-1/2

[Event "Caplin Hastings Masters 2023-24"]
[Site "Hastings"]
[Date "2023.12.29"]
[Round "2.27"]
[White "Verbytski, Oleg"]
[Black "Walker, Martin G"]
[Result "1/2-1/2"]
[ECO "C11"]
[WhiteElo "1771"]
[BlackElo "2090"]
[Annotator "NA"]
[PlyCount "62"]
[EventDate "2023.12.18"]
[EventType "swiss"]
[EventCountry "ENG"]
[SourceTitle "playchess.com"]
[Source "ChessBase"]
[SourceQuality "1"]
[TimeControl "40/6000+30:3000+30"]

1. e4 Nf6 2. Nc3 d5 3. e5 Nfd7 4. d4 c5 5. f4 cxd4 6. Nb5 e6 7. Nxd4 Nc6 8. Ngf3 Qb6 9. c3 Be7 10. Be2 O-O 11. O-O Nc5 12. Rb1 Bd7 13. Be3 Ne4 14. Bd3 Rac8 15. Bxe4 dxe4 16. Nd2 Nxd4 17. Bxd4 Qa6 18. Nxe4 Bc6 19. Nf6+ Kh8 20. Nh5 Qxa2 21. Qg4 Rg8 22. Qh3 Be4 23. Rbe1 Bg6 24. Rf2 Bxh5 25. Qxh5 g6 26. Qf3 Qa6 27. Rd1 Rgd8 28. h3 Rd5 29. Rfd2 Rcd8 30. Qf2 Qa4 31. Kh2 a6 1/2-1/2

[Event "Caplin Hastings Masters 2023-24"]
[Site "Hastings"]
[Date "2023.12.29"]
[Round "2.28"]
[White "Han, Qixuan"]
[Black "Lahlum, Hans Olav"]
[Result "1/2-1/2"]
[ECO "A06"]
[WhiteElo "1603"]
[BlackElo "2037"]
[Annotator "NA"]
[PlyCount "99"]
[EventDate "2023.12.18"]
[EventType "swiss"]
[EventCountry "ENG"]
[SourceTitle "playchess.com"]
[Source "ChessBase"]
[SourceQuality "1"]
[TimeControl "40/6000+30:3000+30"]

1. b3 d5 2. Bb2 c5 3. e3 a6 4. Nf3 Nc6 5. d4 cxd4 6. exd4 Bg4 7. Nbd2 e6 8. a3 Nf6 9. Bd3 Bd6 10. O-O Qc7 11. h3 Bh5 12. Re1 O-O 13. c4 Bf4 14. Qc2 Rfd8 15. c5 Bg6 16. Bxg6 hxg6 17. b4 b5 18. Nb3 Qb7 19. Bc1 Bc7 20. Bd2 Ne4 21. Reb1 Rdb8 22. Be1 e5 23. dxe5 Nxe5 24. Nxe5 Bxe5 25. Na5 Qc7 26. Ra2 Rd8 27. Rd1 Nf6 28. Qe2 d4 29. Nc6 Qxc6 30. Qxe5 Rd5 31. Qf4 Rad8 32. Rd3 Qe6 33. Kf1 Re5 34. Ra1 Re4 35. Qd2 Qd5 36. Rd1 Qc4 37. Rc1 Qd5 38. f3 Re7 39. Bf2 Qe5 40. Rxd4 Rxd4 41. Qxd4 Qe2+ 42. Kg1 Rd7 43. Qe3 Rd1+ 44. Rxd1 Qxd1+ 45. Qe1 Qc2 46. Be3 Nd5 47. Qc1 Qf5 48. c6 Qc8 49. Bf2 Qc7 50. Qc5 1/2-1/2

[Event "Caplin Hastings Masters 2023-24"]
[Site "Hastings"]
[Date "2023.12.29"]
[Round "2.29"]
[White "Kovalskyi, Roman"]
[Black "Ahn, Sungmin"]
[Result "1-0"]
[ECO "B41"]
[WhiteElo "2009"]
[BlackElo "1836"]
[Annotator "NA"]
[PlyCount "63"]
[EventDate "2023.12.18"]
[EventType "swiss"]
[EventCountry "ENG"]
[SourceTitle "playchess.com"]
[Source "ChessBase"]
[SourceQuality "1"]
[TimeControl "40/6000+30:3000+30"]

1. e4 c5 2. Nf3 e6 3. d4 cxd4 4. Nxd4 a6 5. c4 Nf6 6. Nc3 Qc7 7. a3 b6 8. f4 Bb7 9. Bd3 d6 10. O-O Be7 11. Qe2 Nbd7 12. b4 b5 13. cxb5 Qxc3 14. Be3 Qc8 15. Rfc1 Nc5 16. bxc5 dxc5 17. Nb3 Bxe4 18. Bxc5 Bxd3 19. Qxd3 Qb7 20. bxa6 Qxa6 21. Qxa6 Rxa6 22. Bxe7 Kxe7 23. Rc7+ Kd6 24. Rxf7 Rha8 25. Rd1+ Nd5 26. Nd4 Rb8 27. Rxg7 Rxa3 28. Rxh7 Rb2 29. Rh6 Rxg2+ 30. Kxg2 Ne3+ 31. Kg1 Nxd1 32. Nb5+ 1-0

[Event "Caplin Hastings Masters 2023-24"]
[Site "Hastings"]
[Date "2023.12.29"]
[Round "2.31"]
[White "Binks, Michael"]
[Black "Patel, Zain"]
[Result "1/2-1/2"]
[ECO "D02"]
[WhiteElo "2035"]
[BlackElo "1841"]
[Annotator "NA"]
[PlyCount "125"]
[EventDate "2023.12.18"]
[EventType "swiss"]
[EventCountry "ENG"]
[SourceTitle "playchess.com"]
[Source "ChessBase"]
[SourceQuality "1"]
[TimeControl "40/6000+30:3000+30"]

1. d4 Nf6 2. Nf3 e6 3. Bf4 d5 4. e3 c5 5. c3 Bd6 6. Bg3 Qc7 7. Nbd2 Nbd7 8. Bd3 O-O 9. O-O Bxg3 10. hxg3 e5 11. dxe5 Nxe5 12. Nxe5 Qxe5 13. Re1 Ne4 14. f4 Qe7 15. Bxe4 dxe4 16. Qc2 Re8 17. Nf1 Rd8 18. Rad1 Bf5 19. Rxd8+ Rxd8 20. Rd1 Rd3 21. c4 h5 22. Kf2 Qf6 23. Rxd3 exd3 24. Qb3 Qc6 25. Nd2 a6 26. Qc3 Qa4 27. e4 Bg4 28. b3 Qd7 29. Qe5 b6 30. Qd5 Qxd5 31. exd5 Kf8 32. Nf3 a5 33. Ke3 Bf5 34. Ne5 Be4 35. Nd7+ Ke7 36. Nxb6 f6 37. Na4 d2 38. Kxd2 Kd6 39. Nc3 Bxg2 40. Ke3 f5 41. a3 Bf1 42. a4 Bh3 43. Nb5+ Kd7 44. Na7 Kc7 45. Nc6 Kb6 46. Nd8 Bg4 47. Kd2 Kc7 48. Ne6+ Kd6 49. Nxg7 Kc7 50. Ne6+ Kd6 51. Nd8 Kc7 52. Nf7 Bh3 53. Ne5 Bg2 54. Nc6 Kb6 55. Ne7 Be4 56. d6 Kb7 57. Kc3 Kb6 58. Kd2 Kb7 59. Nd5 Kc6 60. d7 Kxd7 61. Nf6+ Ke6 62. Nxh5 Kf7 63. g4 1/2-1/2

[Event "Caplin Hastings Masters 2023-24"]
[Site "Hastings"]
[Date "2023.12.29"]
[Round "2.32"]
[White "Ruane, Brendan J"]
[Black "Liu, Tianyi"]
[Result "0-1"]
[ECO "E60"]
[WhiteElo "1823"]
[BlackElo "2022"]
[Annotator "NA"]
[PlyCount "98"]
[EventDate "2023.12.18"]
[EventType "swiss"]
[EventCountry "ENG"]
[SourceTitle "playchess.com"]
[Source "ChessBase"]
[SourceQuality "1"]
[TimeControl "40/6000+30:3000+30"]

1. d4 Nf6 2. c4 g6 3. h4 Bg7 4. Nc3 d6 5. e4 c5 6. d5 e6 7. Be2 exd5 8. exd5 O-O 9. h5 Re8 10. hxg6 fxg6 11. Bg5 Bf5 12. Qd2 Nbd7 13. O-O-O Qa5 14. f3 Ne5 15. Qf4 Nh5 16. Rxh5 gxh5 17. Qxf5 Ng6 18. Qc2 a6 19. Kb1 Rab8 20. Ne4 b5 21. Nf6+ Bxf6 22. Bxf6 bxc4 23. Bxc4 Re1 24. Ne2 Rxd1+ 25. Qxd1 Qb4 26. Qc1 Kf7 27. Qc3 Qa4 28. b3 Qd7 29. Ng3 Re8 30. Ne4 Qf5 31. g4 hxg4 32. Bd3 Rxe4 33. Bxe4 Qxf6 34. Qxf6+ Kxf6 35. fxg4 Ke5 36. Bd3 a5 37. Bc4 h6 38. Kb2 Nf4 39. Ka3 Nxd5 40. Ka4 Nc3+ 41. Kxa5 Nxa2 42. Kb5 Nb4 43. Bf7 Nd5 44. Kc6 Nf6 45. Bh5 Nxh5 46. gxh5 d5 47. Kxc5 d4 48. Kc4 Ke4 49. b4 d3 0-1

[Event "Caplin Hastings Masters 2023-24"]
[Site "Hastings"]
[Date "2023.12.29"]
[Round "2.33"]
[White "White, Stuart A"]
[Black "Damodaran, Patrick"]
[Result "1-0"]
[ECO "E68"]
[WhiteElo "2014"]
[BlackElo "1798"]
[Annotator "NA"]
[PlyCount "95"]
[EventDate "2023.12.18"]
[EventType "swiss"]
[EventCountry "ENG"]
[SourceTitle "playchess.com"]
[Source "ChessBase"]
[SourceQuality "1"]
[TimeControl "40/6000+30:3000+30"]

1. c4 Nf6 2. g3 g6 3. Bg2 Bg7 4. Nc3 c6 5. e4 d6 6. d4 e5 7. Nf3 exd4 8. Nxd4 O-O 9. O-O Nbd7 10. Re1 Ne5 11. b3 a6 12. h3 c5 13. Nc2 Nc6 14. Bb2 Ne8 15. Qd2 Qa5 16. Rad1 Be6 17. Na4 Qxd2 18. Rxd2 b5 19. Bxg7 Kxg7 20. e5 Nxe5 21. Bxa8 bxa4 22. f4 Nd7 23. Bg2 Nb6 24. Ne3 a5 25. g4 axb3 26. axb3 a4 27. bxa4 Nxa4 28. Bc6 Nb6 29. Bb5 Nc7 30. Rxd6 Nxb5 31. cxb5 Rb8 32. f5 Bb3 33. f6+ Kh6 34. h4 Na4 35. Kf2 Nc3 36. g5+ Kh5 37. Ng2 h6 38. Rd3 hxg5 39. Rxc3 c4 40. Re5 Rd8 41. hxg5 Rd2+ 42. Kg3 Rxg2+ 43. Kxg2 Ba4 44. Kf3 Bd1+ 45. Kf4 Bg4 46. Rh3+ Bxh3 47. Re8 Bg4 48. Rh8# 1-0

[Event "Caplin Hastings Masters 2023-24"]
[Site "Hastings"]
[Date "2023.12.29"]
[Round "2.34"]
[White "Larkin, Benjamin"]
[Black "Hng, Mei-Xian Eunice"]
[Result "0-1"]
[ECO "B04"]
[WhiteElo "1814"]
[BlackElo "2014"]
[Annotator "NA"]
[PlyCount "84"]
[EventDate "2023.12.18"]
[EventType "swiss"]
[EventCountry "ENG"]
[SourceTitle "playchess.com"]
[Source "ChessBase"]
[SourceQuality "1"]
[TimeControl "40/6000+30:3000+30"]

1. e4 Nf6 2. e5 Nd5 3. d4 d6 4. Nf3 g6 5. c4 Nb6 6. exd6 cxd6 7. h3 Bg7 8. Be2 O-O 9. O-O Nc6 10. Nc3 Bf5 11. Be3 d5 12. c5 Nc4 13. Bxc4 dxc4 14. Qd2 Bd3 15. Rfd1 Nxd4 16. Ne1 Qc7 17. Nxd3 cxd3 18. Qxd3 Rfd8 19. Nb5 Nxb5 20. Qxb5 Be5 21. Rac1 Rxd1+ 22. Rxd1 Rd8 23. Rxd8+ Qxd8 24. g3 Qb8 25. Kg2 Kg7 26. b3 Qc7 27. a4 a6 28. Qe2 Qc6+ 29. Qf3 f5 30. b4 Kf6 31. b5 axb5 32. a5 Ke6 33. Qxc6+ bxc6 34. Kf3 Kd5 35. Ke2 Kc4 36. a6 Bb8 37. Kd2 Kb4 38. Bg5 e6 39. Kc2 Ka5 40. Bf4 Ba7 41. Bd6 Kxa6 42. Kb3 Kb7 0-1

[Event "Caplin Hastings Masters 2023-24"]
[Site "Hastings"]
[Date "2023.12.29"]
[Round "2.35"]
[White "Thompson, Ian D"]
[Black "Flynn, David"]
[Result "1/2-1/2"]
[ECO "A37"]
[WhiteElo "2011"]
[BlackElo "1791"]
[Annotator "NA"]
[PlyCount "83"]
[EventDate "2023.12.18"]
[EventType "swiss"]
[EventCountry "ENG"]
[SourceTitle "playchess.com"]
[Source "ChessBase"]
[SourceQuality "1"]
[TimeControl "40/6000+30:3000+30"]

1. c4 c5 2. Nc3 g6 3. g3 Bg7 4. Bg2 Nc6 5. Nf3 e5 6. O-O d6 7. a3 a5 8. d3 Nge7 9. Rb1 Rb8 10. Bd2 O-O 11. Qc1 Be6 12. Re1 b6 13. Ng5 Bc8 14. Nd5 Nd4 15. b4 axb4 16. axb4 f6 17. Nxe7+ Qxe7 18. Ne4 Bb7 19. e3 Ne6 20. bxc5 bxc5 21. Qc2 f5 22. Nc3 Bxg2 23. Kxg2 Qd7 24. Qa4 Qxa4 25. Nxa4 Ra8 26. Nc3 Rfb8 27. Nb5 Ra6 28. Bc3 Kf8 29. Ra1 Rbb6 30. Reb1 Ke7 31. Kf1 Kd7 32. Ke2 Kc6 33. Kd2 d5 34. Ba5 Rb7 35. Bc3 Rbb6 36. cxd5+ Kxd5 37. f4 Rxa1 38. Bxa1 Kc6 39. Na7+ Kc7 40. Nb5+ Kc6 41. Na7+ Kb7 42. Nb5 1/2-1/2

[Event "Caplin Hastings Masters 2023-24"]
[Site "Hastings"]
[Date "2023.12.29"]
[Round "2.36"]
[White "Gibbs, Dominic V"]
[Black "ONUOHA, Obioma"]
[Result "1-0"]
[ECO "C44"]
[WhiteElo "1795"]
[BlackElo "1995"]
[Annotator "NA"]
[PlyCount "63"]
[EventDate "2023.12.18"]
[EventType "swiss"]
[EventCountry "ENG"]
[SourceTitle "playchess.com"]
[Source "ChessBase"]
[SourceQuality "1"]
[TimeControl "40/6000+30:3000+30"]

1. e4 e5 2. Nf3 Nf6 3. d3 Nc6 4. Be2 Bc5 5. c3 O-O 6. b4 Bb6 7. Nbd2 d6 8. O-O a5 9. b5 Ne7 10. Nc4 Ba7 11. Bg5 Ng6 12. d4 h6 13. Bxf6 Qxf6 14. dxe5 dxe5 15. Nxa5 Rd8 16. Qc2 Bxf2+ 17. Rxf2 Rxa5 18. Bc4 Be6 19. Qb3 Bxc4 20. Qxc4 Qb6 21. a4 Rd6 22. Raf1 Rf6 23. h4 c6 24. h5 Nf4 25. Nxe5 Qe3 26. Ng4 Qb6 27. Nxf6+ gxf6 28. Qd4 Qxd4 29. cxd4 Nxh5 30. bxc6 Rxa4 31. c7 Rc4 32. Rf5 1-0

[Event "Caplin Hastings Masters 2023-24"]
[Site "Hastings"]
[Date "2023.12.29"]
[Round "2.37"]
[White "Steiners, Emils"]
[Black "Blades, Kit"]
[Result "1/2-1/2"]
[ECO "E49"]
[WhiteElo "1993"]
[BlackElo "1771"]
[Annotator "NA"]
[PlyCount "117"]
[EventDate "2023.12.18"]
[EventType "swiss"]
[EventCountry "ENG"]
[SourceTitle "playchess.com"]
[Source "ChessBase"]
[SourceQuality "1"]
[TimeControl "40/6000+30:3000+30"]

1. d4 Nf6 2. c4 e6 3. Nc3 Bb4 4. e3 O-O 5. Bd3 d5 6. a3 Bxc3+ 7. bxc3 c5 8. Ne2 b6 9. cxd5 exd5 10. O-O Re8 11. f3 Ba6 12. Bb1 Nc6 13. Re1 Rc8 14. Ng3 Bc4 15. Bb2 cxd4 16. cxd4 h5 17. e4 h4 18. Nf5 g6 19. Ne3 Na5 20. Nxc4 dxc4 21. Bc3 Nh5 22. Ra2 Qg5 23. d5 Qh6 24. Qd2 Qxd2 25. Rxd2 Nb3 26. Rdd1 Rcd8 27. Ba2 a5 28. Bxb3 cxb3 29. a4 Rc8 30. Bd4 Rc2 31. Bxb6 b2 32. d6 Nf6 33. Rb1 Rec8 34. Bc7 Nd7 35. h3 Ne5 36. Red1 f6 37. f4 Nf7 38. Kh2 Rc1 39. Rbxc1 bxc1=Q 40. Rxc1 Nxd6 41. Rd1 Nxe4 42. Bxa5 Rc4 43. Ra1 Nc5 44. Bd8 Nxa4 45. Bxf6 Rxf4 46. Bg5 Re4 47. Rf1 Nc5 48. Rf4 Rxf4 49. Bxf4 Ne6 50. Be3 Kf7 51. Kg1 Kf6 52. Kf2 Kf5 53. Kf3 g5 54. g3 hxg3 55. Kxg3 Nf4 56. Bxf4 gxf4+ 57. Kf3 Kg5 58. h4+ Kxh4 59. Kxf4 1/2-1/2

[Event "Caplin Hastings Masters 2023-24"]
[Site "Hastings"]
[Date "2023.12.29"]
[Round "2.38"]
[White "Gordon, Sean"]
[Black "Park, Inchan"]
[Result "1/2-1/2"]
[ECO "B04"]
[WhiteElo "1968"]
[BlackElo "1768"]
[Annotator "NA"]
[PlyCount "85"]
[EventDate "2023.12.18"]
[EventType "swiss"]
[EventCountry "ENG"]
[SourceTitle "playchess.com"]
[Source "ChessBase"]
[SourceQuality "1"]
[TimeControl "40/6000+30:3000+30"]

1. e4 Nf6 2. e5 Nd5 3. d4 d6 4. c4 Nb6 5. exd6 cxd6 6. Nc3 g6 7. Nf3 Bg7 8. Be3 O-O 9. h3 Bf5 10. Be2 d5 11. cxd5 Nxd5 12. Nxd5 Qxd5 13. O-O Nc6 14. Qa4 a6 15. Rac1 b5 16. Qb3 Qxb3 17. axb3 Nb4 18. Ne5 Be6 19. Bd2 Nd5 20. Bf3 Bxe5 21. dxe5 Rac8 22. Bg5 f6 23. Rxc8 Rxc8 24. exf6 exf6 25. Re1 Kf7 26. Bd2 Rc2 27. Bxd5 Bxd5 28. Bc3 Bxb3 29. Re4 Rc1+ 30. Kh2 Rd1 31. Kg3 Rd3+ 32. f3 h5 33. Rf4 Rd6 34. Kf2 Bc2 35. Rd4 Rxd4 36. Bxd4 Ke6 37. Ke3 Bb3 38. Kd2 Bd5 39. b4 h4 40. Bf2 g5 41. Ke3 f5 42. Be1 Kf6 43. Kf2 1/2-1/2

[Event "Caplin Hastings Masters 2023-24"]
[Site "Hastings"]
[Date "2023.12.29"]
[Round "2.39"]
[White "Wilson, Matthew R"]
[Black "Sugden, John N"]
[Result "0-1"]
[ECO "B52"]
[WhiteElo "1771"]
[BlackElo "1968"]
[Annotator "NA"]
[PlyCount "62"]
[EventDate "2023.12.18"]
[EventType "swiss"]
[EventCountry "ENG"]
[SourceTitle "playchess.com"]
[Source "ChessBase"]
[SourceQuality "1"]
[TimeControl "40/6000+30:3000+30"]

1. e4 c5 2. Nf3 d6 3. Bb5+ Bd7 4. Bxd7+ Qxd7 5. c4 Nc6 6. O-O g6 7. d4 cxd4 8. Nxd4 Bg7 9. Be3 Nf6 10. f3 O-O 11. Nc3 Ne8 12. Qd2 Nc7 13. Rad1 Ne5 14. b3 f5 15. h4 Rf7 16. h5 Raf8 17. Bh6 Ne6 18. Nxe6 Qxe6 19. Bxg7 Kxg7 20. h6+ Kg8 21. Rfe1 fxe4 22. Rxe4 Qc8 23. Qd4 Nc6 24. Qe3 b6 25. Nd5 e5 26. f4 Qg4 27. Re1 exf4 28. Qc3 Ne5 29. Rxe5 dxe5 30. Qxe5 f3 31. Ne3 f2+ 0-1

[Event "Caplin Hastings Masters 2023-24"]
[Site "Hastings"]
[Date "2023.12.29"]
[Round "2.40"]
[White "Metcalfe, Charlie P"]
[Black "Rami, Talab"]
[Result "0-1"]
[ECO "D80"]
[WhiteElo "1760"]
[BlackElo "1947"]
[Annotator "NA"]
[PlyCount "46"]
[EventDate "2023.12.18"]
[EventType "swiss"]
[EventCountry "ENG"]
[SourceTitle "playchess.com"]
[Source "ChessBase"]
[SourceQuality "1"]
[TimeControl "40/6000+30:3000+30"]

1. d4 Nf6 2. c4 g6 3. Nc3 d5 4. Bg5 Bg7 5. Bxf6 Bxf6 6. cxd5 c5 7. dxc6 Bxd4 8. cxb7 Bxb7 9. e3 Bxc3+ 10. bxc3 Qa5 11. Qb3 O-O 12. Nf3 Bxf3 13. gxf3 Nd7 14. Qb4 Qc7 15. Bg2 Rab8 16. Qa3 Qc4 17. Bf1 Qc6 18. Be2 Ne5 19. O-O Nxf3+ 20. Bxf3 Qxf3 21. Qxe7 Rbe8 22. Qd7 Re5 23. h4 Re4 0-1

[Event "Caplin Hastings Masters 2023-24"]
[Site "Hastings"]
[Date "2023.12.29"]
[Round "2.41"]
[White "Batchelor, Paul A"]
[Black "Rastogi, Nayan Keats"]
[Result "1/2-1/2"]
[ECO "E25"]
[WhiteElo "1937"]
[BlackElo "1662"]
[Annotator "NA"]
[PlyCount "62"]
[EventDate "2023.12.18"]
[EventType "swiss"]
[EventCountry "ENG"]
[SourceTitle "playchess.com"]
[Source "ChessBase"]
[SourceQuality "1"]
[TimeControl "40/6000+30:3000+30"]

1. d4 Nf6 2. c4 e6 3. Nc3 Bb4 4. f3 d5 5. a3 Bxc3+ 6. bxc3 c5 7. cxd5 Nxd5 8. dxc5 f5 9. c4 Qh4+ 10. g3 Qxc4 11. e4 Qc3+ 12. Bd2 Qe5 13. Rc1 fxe4 14. Qa4+ Bd7 15. Qxe4 Qxe4+ 16. fxe4 Nf6 17. Bg2 Bc6 18. Bc3 Nbd7 19. Bxf6 Nxf6 20. Ne2 Bxe4 21. Bxe4 Nxe4 22. Rc4 Nf6 23. O-O O-O 24. Nd4 Rfe8 25. Nb5 Re7 26. Rb1 Nd5 27. Nd6 b6 28. c6 Rd8 29. Nb7 Rc8 30. Nd6 Rd8 31. Nb7 Rc8 1/2-1/2

[Event "Caplin Hastings Masters 2023-24"]
[Site "Hastings"]
[Date "2023.12.29"]
[Round "2.42"]
[White "Alcindor, Samuel"]
[Black "Fryer, David W"]
[Result "1/2-1/2"]
[ECO "C00"]
[WhiteElo "1714"]
[BlackElo "1914"]
[Annotator "NA"]
[PlyCount "128"]
[EventDate "2023.12.18"]
[EventType "swiss"]
[EventCountry "ENG"]
[SourceTitle "playchess.com"]
[Source "ChessBase"]
[SourceQuality "1"]
[TimeControl "40/6000+30:3000+30"]

1. c4 Nf6 2. Nc3 e6 3. e4 d5 4. cxd5 exd5 5. exd5 Nxd5 6. Nf3 Be7 7. Bc4 Nb6 8. Bb3 O-O 9. h3 Bf5 10. d4 N8d7 11. O-O c6 12. Re1 h6 13. Ne5 Nf6 14. Qf3 Bh7 15. Bxh6 gxh6 16. Qg3+ Kh8 17. Nxf7+ Rxf7 18. Bxf7 Qf8 19. Bb3 Bd6 20. Qh4 Nfd5 21. Re6 Bf4 22. Nxd5 Nxd5 23. Bxd5 Bg5 24. Qh5 cxd5 25. Rae1 Bg8 26. R6e5 Qg7 27. Re8 Rxe8 28. Re3 Re7 29. Rxe7 Qe5 30. Re8 Qxd4 31. Qf7 Qg7 32. Qxd5 Kh7 33. Qe4+ Kh8 34. h4 Bf6 35. Rb8 Bxb2 36. Rxb7 Qd4 37. Qxd4+ Bxd4 38. a3 Bb6 39. g3 Bc4 40. a4 Kg8 41. a5 Bxa5 42. Rxa7 Bd2 43. Rd7 Ba5 44. Kg2 Bf7 45. Kf3 h5 46. Kf4 Kg7 47. f3 Be1 48. Re7 Bf2 49. Re5 Kf6 50. Rf5+ Kg6 51. Ra5 Be1 52. Ra6+ Kg7 53. Rd6 Ba5 54. Rd1 Bc7+ 55. Ke3 Bb6+ 56. Ke4 Bg6+ 57. Kf4 Bc7+ 58. Kg5 Bxg3 59. Rd7+ Bf7 60. Rxf7+ Kxf7 61. Kxh5 Bf4 62. Kg4 Bd2 63. Kf5 Kg7 64. f4 Bxf4 1/2-1/2